 Dungeon Crawl Stone Soup version 0.16.2-2-g470672f (webtiles) character file.

396 Liatris the Skirmisher (level 6, -7/56 HPs)
             Began as a Draconian Berserker on Aug 17, 2015.
             Was a Believer of Trog.
             Mangled by an orc
             ... wielding a +2 short sword of electrocution
              (16 damage)
             ... on level 4 of the Dungeon.
             The game lasted 00:24:53 (3419 turns).

Liatris the Skirmisher (Draconian Berserker)        Turns: 3419, Time: 00:24:53

Health: -7/56      AC:  7    Str: 21    XL:     6   Next: 52%
Magic:  6/6        EV: 13    Int:  8    God:    Trog [**....]
Gold:   141        SH:  0    Dex: 10    Spells: 0 memorised, 5 levels left

rFire  . . .     SeeInvis .     g - +3 short sword
rCold  . . .     Clarity  .     (armour unavailable)
rNeg   . . .     SustAb   .     (no shield)
rPois  .         Gourm    +     (helmet restricted)
rElec  .         Spirit   .     (no cloak)
rCorr  .         Warding  .     d - +0 pair of gloves
rMut   .         Stasis   .     (no boots)
MR     .....                    e - amulet of the gourmand
Stlth  +.........               (no ring)
                                (no ring)

@: not resistant to hostile enchantments, very unstealthy
A: unfitting armour, cold-blooded, AC +6
a: Burn Spellbooks, Berserk, Trog's Hand, Renounce Religion


You were on level 4 of the Dungeon.
You worshipped Trog.
Trog was pleased with you.
You were not hungry.

You visited 1 branch of the dungeon, and saw 4 of its levels.

You collected 141 gold pieces.

Inventory:

Hand weapons
 a - a +0 mace
 g - a +3 short sword (weapon)
Armour
 d - a +0 pair of gloves (worn)
Jewellery
 e - an amulet of the gourmand (around neck)
Scrolls
 b - a scroll of teleportation
 h - a scroll of identify


   Skills:
 + Level 5.0 Fighting
 + Level 0.8 Short Blades
 + Level 4.0 Maces & Flails
 + Level 5.0 Dodging
 + Level 1.1 Stealth


You had 5 spell levels left.
You didn't know any spells.

Dungeon Overview and Level Annotations

Branches:
Dungeon (4/15)
 Temple: D:4-7

Altars:
Dithmenos
Kikubaaqudgha
Okawaru
Ru
Trog
Xom
Yredelemnul


Innate Abilities, Weirdness & Mutations

Your plain brown scales are hard (AC +6).
Your body does not fit into most forms of armour.
Your cold-blooded metabolism reacts poorly to cold.


Message History

You kill the orc priest!
Trog accepts your kill.
Your Fighting skill increases to level 5!
You feel yourself speed up. The bat closely misses you. The bat misses you.
The bat completely misses you.
You hit the bat.
Your tail-slap misses the bat.
The bat is moderately wounded.
The bat misses you.
You hit the orc.
The orc is moderately wounded.
The orc barely misses you.
You hit the orc but do no damage.
The orc is moderately wounded.
The orc misses you.
You hit the orc.
The orc is severely wounded.
The orc hits you with a short sword of electrocution.
* * * LOW HITPOINT WARNING * * *
You are electrocuted!
You die...

..#...#.#.###.###.#._.#
#...#.#...#.##...#.#.
...#.###.#.##....#..
.<#.###............ #
#(#.......#.#######
#.#.######..#.....###
#o.(†.......#.....+..
#..#o######.##..).###
....o#@..........#....#
....!..#..#####.##.#....#
.......#......#.##.#....#
..$...#.#..#[#.##.###..#
.....#.#..#..........†#
....#....###.##.##....
.............##..##
#.##..##.#####.... #..
#.......###


You could see an orc.

Vanquished Creatures
  An ogre (D:3)
  A scorpion (D:4)
  3 orc priests (D:4)
  2 orc wizards (D:3)
  A worker ant (D:3)
  3 adders
  A worm (D:2)
  A giant gecko (D:3)
  5 orcs
  A bat skeleton (D:4)
  5 giant cockroaches
  4 goblins
  11 hobgoblins
  14 kobolds
  A quokka (D:2)
  2 ball pythons (D:2)
  9 bats
  4 giant newts
  7 rats
76 creatures vanquished.

Notes
Turn   | Place    | Note
--------------------------------------------------------------
     0 | D:1      | Liatris, the Draconian Berserker, began the quest for the Orb.
     0 | D:1      | Reached XP level 1. HP: 19/19 MP: 1/1
   207 | D:1      | Reached XP level 2. HP: 12/26 MP: 2/2
  1012 | D:2      | Reached XP level 3. HP: 14/33 MP: 3/3
  1209 | D:2      | Found an ancient bone altar of Kikubaaqudgha.
  1487 | D:2      | Found a bloodstained altar of Trog.
  1720 | D:2      | Reached XP level 4. HP: 33/40 MP: 4/4
  2020 | D:3      | Found a basalt altar of Yredelemnul.
  2043 | D:3      | Acquired Trog's second power
  2058 | D:3      | Reached skill level 4 in Fighting
  2169 | D:3      | Noticed an ogre
  2181 | D:3      | Killed an ogre
  2181 | D:3      | Reached XP level 5. HP: 27/47 MP: 5/5
  2190 | D:3      | Found a sacrificial altar of Ru.
  2289 | D:3      | Found a shimmering altar of Xom.
  2842 | D:3      | Found a shadowy altar of Dithmenos.
  2943 | D:4      | Reached XP level 6. HP: 53/53 MP: 6/6
  2954 | D:4      | Reached skill level 1 in Stealth
  3143 | D:4      | Reached skill level 5 in Dodging
  3337 | D:4      | Found an iron altar of Okawaru.
  3415 | D:4      | Reached skill level 5 in Fighting
  3419 | D:4      | Mangled by an orc

Action                   |  1- 3 |  4- 6 || total
-------------------------+-------+-------++-------
Melee: Mace              |   133 |    49 ||   182
       Short sword       |       |   115 ||   115
  Use: Potion            |     3 |     3 ||     6
       Scroll            |     3 |     3 ||     6
  Eat: Bread ration      |     1 |       ||     1
       Meat ration       |       |     1 ||     1
       Royal jelly       |       |     1 ||     1
